 Dungeon Crawl Stone Soup version 0.18-a0-5-gf1fb587 (webtiles) character file.

112 Goblin1989 the Twirler (level 4, -3/26 HPs)
             Began as a Gargoyle Gladiator on Oct 31, 2015.
             Killed by divine providence
             ... invoked by an orc priest
              (13 damage)
             ... on level 3 of the Dungeon.
             The game lasted 00:04:16 (1709 turns).

Goblin1989 the Twirler (Gargoyle Gladiator)         Turns: 1709, Time: 00:04:16

Health: -3/26      AC:  7    Str: 18    XL:     4   Next: 95%
Magic:  13/13      EV: 12    Int: 10    God:
Gold:   28         SH:  0    Dex: 10    Spells: 0 memorised, 3 levels left

rFire  . . .     SeeInvis .     a - +0 quarterstaff
rCold  . . .     Clarity  .     b - +0 leather armour
rNeg   + . .     SustAt   .     (no shield)
rPois  ∞         Gourm    .     c - +0 helmet
rElec  +         Spirit   .     (no cloak)
rCorr  .         Warding  .     (no gloves)
rMut   .         Stasis   .     (no boots)
MR     .....                    (no amulet)
Stlth  +.........               (no ring)
                                n - ring of magical power

@: not resistant to hostile enchantments, very unstealthy
A: negative energy resistance 1, electricity resistance, unbreathing,
petrification resistance, rot immunity, AC +3
a: no special abilities


You were on level 3 of the Dungeon.
You were hungry.

You visited 1 branch of the dungeon, and saw 3 of its levels.

You collected 28 gold pieces.

Inventory:

Hand Weapons
 a - a +0 quarterstaff (weapon)
Missiles
 d - 3 throwing nets (quivered)
 f - 110 stones
 h - 17 poisoned needles
Armour
 b - a +0 leather armour (worn)
 c - a +0 helmet (worn)
Jewellery
 k - an uncursed ring of poison resistance {unknown}
 n - a ring of magical power (left hand)
Scrolls
 j - a scroll of immolation {unknown}
 o - a scroll of identify {unknown}
Potions
 i - a potion of flight {unknown}
 m - a potion of magic {unknown}
 p - a potion of curing {unknown}
Comestibles
 e - a bread ration
 g - 3 meat rations
 l - a royal jelly


   Skills:
 - Level 2.1 Fighting
 + Level 5.4 Staves
 - Level 1.7 Throwing
 - Level 2.4 Dodging


You had 3 spell levels left.
You didn't know any spells.

Dungeon Overview and Level Annotations

Branches:
Dungeon (3/15)

Altars:


Innate Abilities, Weirdness & Mutations

You are resistant to torment.
Your stone body is resilient (AC +3).
You are immune to poison.
You resist negative energy.
You are resistant to electric shocks.
You can survive without breathing.
You are immune to petrification.
You are immune to rotting.


Message History

No target in view!
No target in view!
No target in view!
No target in view!
No target in view!
No target in view!
The orc priest barely misses you.
Items here: )) [[ † a leather armour; a dagger; a leather armour; a falchion; an orc corpse You hit the orc priest but do no damage.
The orc priest mumbles some strange prayers to Beogh against you.
Something smites you!
You hit the orc priest but do no damage.
The orc priest hits you but does no damage.
The orc priest hits you with a dagger.
You completely miss the orc priest.
The orc priest invokes the aid of Beogh against you.
Something smites you!
Ouch! That really hurt!
You die... #......#####.##......... #......†...#...>......$. #......###.#####.#...... #......# #.# #.# ..... ######.# #.#####.# .o.. #.# #...>.#.# .oo

###'#######.#<# #o
#.........#<#o###
#.........##@...#
#...............####
###########........#
#........#
#........#
#........#
#........#
#........#
#........#


You could see an orc priest.

Vanquished Creatures
  Robin (D:2)
  3 adders
  An ooze (D:1)
  A worm (D:2)
  2 giant geckos
  3 orcs (D:3)
  5 bats
  3 giant cockroaches (D:1)
  10 hobgoblins
  7 jackals
  3 giant newts
  11 goblins
  6 kobolds
  3 rats (D:1)
59 creatures vanquished.

Vanquished Creatures (others)
  2 orcs (D:3)
2 creatures vanquished.

Grand Total: 61 creatures vanquished

Notes
Turn   | Place    | Note
--------------------------------------------------------------
     0 | D:1      | Goblin1989 the Gargoyle Gladiator began the quest for the Orb.
     0 | D:1      | Reached XP level 1. HP: 12/12 MP: 1/1
   189 | D:1      | Reached XP level 2. HP: 12/17 MP: 2/2
   239 | D:1      | Reached skill level 4 in Staves
   263 | D:1      | Reached XP level 3. HP: 14/21 MP: 3/3
  1018 | D:2      | Noticed Robin
  1028 | D:2      | Killed Robin
  1028 | D:2      | Reached XP level 4. HP: 22/26 MP: 4/4
  1116 | D:2      | Reached skill level 5 in Staves
  1709 | D:3      | Killed from afar by an orc priest

Vault maps used:
D:1:      dpeg_arrival_arbitrary_b
D:2:      uniq_robin
D:3:      fiery_altar_vehumet, serial_forest, infiniplex_forest_end_2,
          infiniplex_forest_clump_long, infiniplex_forest_lined_4_way,
          infiniplex_forest_clump_long

Action                   |  1- 3 |  4- 6 || total
-------------------------+-------+-------++-------
Melee: Quarterstaff      |   125 |    83 ||   208
  Eat: Chunk             |       |     2 ||     2
